 Dungeon Crawl Stone Soup version 0.27.1-33-g824d729ab1 (webtiles) character file.

Game seed: 1573561150210525016

247 Destapler the Grasshopper (level 5, -1/42 HPs)
             Began as a Palentonga Warper on Dec 9, 2021.
             Was a Believer of Zin.
             Slain by an orc (2 damage)
             ... on level 4 of the Dungeon.
             The game lasted 00:06:51 (3657 turns).

Destapler the Grasshopper (Palentonga Warper)       Turns: 3657, Time: 00:06:52

Health: -1/42      AC:  4    Str: 16    XL:     5   Next: 85%
Magic:  9/9        EV:  8    Int: 13    God:    Zin [**....]
Gold:   91         SH:  2    Dex:  9    Spells: 7/9 levels left

rFire    . . .     SeeInvis +   a - +0 mace
rCold    . . .     Faith    .   p - +0 buckler
rNeg     . . .     Spirit   .   b - +0 leather armour
rPois    .         Reflect  .   (no helmet)
rElec    .         Harm     .   (no cloak)
rCorr    .         Rampage  .   (no gloves)
Will     .....                  (no barding)
Stlth    +.........             (no amulet)
HPRegen  0.14/turn              (no ring)
MPRegen  0.11/turn              (no ring)

@: on berserk cooldown, slowed, very slow
A: large, rugged brown scales 3, see invisible, deformed body, roll 1, armoured
tail
a: Rolling Charge, Renounce Religion, Recite, Vitalisation, Donate Gold


You were on level 4 of the Dungeon.
You worshipped Zin.
Zin was pleased with you.
You visited 1 branch of the dungeon, and saw 4 of its levels.

You collected 101 gold pieces.
You donated 10 gold pieces to Zin.

Inventory:

Hand Weapons
 a - a +0 mace (weapon)
Missiles
 d - 4 boomerangs of dispersal
 e - 25 poisoned darts
Armour
 b - a +0 leather armour (worn)
 p - a +0 buckler (worn)
 q - a +0 cloak
Scrolls
 c - 2 scrolls of blinking
 f - 4 scrolls of identify {unknown}
 g - 2 scrolls of teleportation {unknown}
 h - a scroll of vulnerability {unknown}
 i - 2 scrolls of amnesia {unknown}
 j - 3 scrolls of immolation {unknown}
Potions
 k - a potion of ambrosia {unknown}
 m - a potion of lignification
 n - a potion of curing
 o - a potion of mutation {unknown}


   Skills:
 + Level 2.9 Fighting
 + Level 2.9 Maces & Flails
 + Level 1.6 Throwing
 + Level 2.0 Armour
 + Level 2.4 Dodging
 + Level 2.7 Spellcasting
 + Level 3.6 Translocations


You had 7 spell levels left.
You knew the following spells:

 Your Spells              Type           Power      Damage    Failure   Level
B - Blink                 Tloc           N/A        N/A       16%         2

Your spell library contained the following spells:

 Spells                   Type           Power      Damage    Failure   Level
 Gell's Gravitas          Tloc           5%         N/A       32%         3
 Lesser Beckoning         Tloc           5%         N/A       32%         3
 Teleport Other           Tloc           11%        N/A       32%         3
 Passwall                 Tmut/Erth      0%         N/A       58%         2
 Inner Flame              Hex/Fire       1%         N/A       82%         3
 Swiftness                Air            1%         N/A       82%         3
 Manifold Assault         Tloc           11%        N/A       96%         5
 Cause Fear               Hex            0%         N/A       99%         4
 Invisibility             Hex            0%         N/A       100%        6
 Discord                  Hex            0%         N/A       100%        8


Dungeon Overview and Level Annotations

Branches:
Dungeon (4/15)
 Temple: D:4-7

Altars:
Gozag
Zin


Innate Abilities, Weirdness & Mutations

You are completely covered in rugged brown scales. (AC +3, +7% HP)
You have supernaturally acute eyesight. (SInv)
Armour fits poorly on your strangely shaped body.
You can roll at nearby foes to attack.
You have a long armoured tail.


Message History

You hit the ball python.
You kill the ball python!
The orc hits you with a +0 whip.
* * * LOW HITPOINT WARNING * * *
You closely miss the ball python. The ball python closely misses you.
The orc hits you with a +0 whip.
* * * LOW HITPOINT WARNING * * *
You are too injured to fight recklessly!
Unknown command.
You are too injured to fight recklessly!
You are too injured to fight recklessly!
You sock the ball python!
You kill the ball python!
The orc barely misses you.
You sock the orc!
You kill the orc!
The orc wizard mumbles some strange words.
The orc wizard flickers and vanishes for a moment.
Things that are here:
a +0 whip; an orc corpse You completely miss the orc.
You block the orc wizard's attack.
The orc wizard gestures at you while chanting.
The orc wizard resists with some effort.
You closely miss the orc. The orc hits you with a +0 short sword.
* * * LOW HITPOINT WARNING * * *
You closely miss the orc.
Your tail-slap misses the orc.
The orc wizard hits you with a +0 war axe.
* * * LOW HITPOINT WARNING * * *
You closely miss the orc. The orc hits you but does no damage.
Unknown command.
You closely miss the orc wizard.
You are no longer berserk.
You are exhausted.
You feel yourself slow down. The orc hits you but does no damage.
You barely miss the orc wizard. You tail-slap the orc wizard.
The orc wizard is moderately wounded.
The orc wizard hits you with a +0 war axe.
* * * LOW HITPOINT WARNING * * *
The orc hits you with a +0 short sword.
You die...

#. #. . #### # ###>.# #
#....# # #.##†# # ##.##.# ##
#.S##@# #. #.##oo# #####.
#o.og## ####...<. ####..Zo#
#.....†## #.......#
##.##...## ###...#...# ##.
#...##
##.....#...#######..###...##
#..##..#.....#.....#.......[
#.##.................##...#.


You could see 2 orc wizards, 2 orcs, a hobgoblin and a centaur skeleton.

Vanquished Creatures
  2 hounds
  Natasha (twice) (D:2)
  2 orc wizards (D:3)
  2 adders (D:2)
  2 worms (D:2)
  2 dart slugs (D:2)
  8 orcs
  6 ball pythons
  3 bats
  An endoplasm (D:3)
  3 giant cockroaches
  6 goblins
  6 hobgoblins
  4 kobolds
  A quokka (D:1)
  4 rats
54 creatures vanquished.

Notes
Turn   | Place    | Note
-------+----------+-------------------------------------------
     0 | D:1      | Destapler the Palentonga Warper began the quest for the
                  | Orb.
     0 | D:1      | Reached XP level 1. HP: 17/17 MP: 3/3
     9 | D:1      | Noticed an ogre
   284 | D:1      | Found a faded altar of an unknown god.
   302 | D:1      | Became a worshipper of Zin the Law-Giver
   302 | D:1      | Reached * piety under Zin
   392 | D:1      | Reached skill level 1 in Armour
   523 | D:2      | Reached XP level 2. HP: 23/23 MP: 5/5
   986 | D:2      | Noticed Natasha
   995 | D:2      | Killed Natasha
   996 | D:2      | Reached skill level 1 in Throwing
   996 | D:2      | Reached XP level 3. HP: 17/28 MP: 6/6
  1487 | D:2      | Noticed Natasha
  1492 | D:2      | Learned a level 2 spell: Blink
  1499 | D:2      | Killed Natasha
  1500 | D:2      | Reached XP level 4. HP: 12/36 MP: 7/7
  2092 | D:3      | Reached XP level 5. HP: 14/41 MP: 8/8
  2446 | D:3      | You fall into a shaft and drop 1 floor!
  2450 | D:4      | Found an opulent altar of Gozag.
  2942 | D:3      | Reached ** piety under Zin
  3657 | D:4      | HP: 1/42 [orc wizard (2)]
  3657 | D:4      | Slain by an orc

Illustrated notes

Levels and vault maps discovered:
D:1:      evilmike_arrival_come_back, layout_basic,
          shapermc_ecumenical_altar_mp_urbaneastern
D:2:      layout_basic, uniq_natasha
D:3:      corexii_shack_village, layout_basic
D:4:      layout_rooms, mainiacjoe_overflow_six_doors_small,
          minmay_temple_entry_glassed_door, portal_sewer_entry_b,
          minmay_misc_feat_tower

Skill      XL: |  1  2  3  4  5 |
---------------+----------------+-----
Armour         | 1 2 |  2.0
Throwing       | 1 |  1.6
Dodging        | 2 |  2.4
Fighting       | |  2.9
Maces & Flails | |  2.9
Spellcasting   | |  2.7
Translocations | |  3.6

Action                   |  1- 3 |  4- 6 || total
-------------------------+-------+-------++-------
Melee: Mace              |    77 |    94 ||   171
       Tailslap          |     8 |    11 ||    19
Throw: Boomerang         |     1 |       ||     1
 Abil: Rolling Charge    |    17 |     9 ||    26
  Use: Potion            |     1 |     2 ||     3
Armor: Leather armour    |    24 |    48 ||    72
       Skin              |    91 |       ||    91
Dodge: Dodged            |    24 |    58 ||    82
Block: Buckler           |       |     4 ||     4
